Map: Neon Violet Square LE

Players

Snute - Winner!

  • Race: Zerg Zerg
  • Spawn Location: 5:00

SpeCial

  • Race: Terran Terran
  • Spawn Location: 11:00

Event: WCS Leipzig 2018

VOD

Have the link to the VOD?

Description

Time

  • Played on: Jan. 27, 2018, 2:09 p.m.
  • Length: 8:51

All games in this series

Show
View Real Time Build Order
Export as new Build Order

Snute Zerg - Winner!

Build Orders: Hatch First 

Get SALT Encoding   

  12  0:00  Drone  
  13  0:12  Overlord  
  13  0:17  Drone  
  14  0:31  Drone x2  
  14  0:35  Drone  
  17  0:52  Hatchery  
  17  0:55  Drone  
  17  0:58  Drone  
  17  1:00  Extractor  
  17  1:13  Spawning Pool  
  17  1:17  Drone  
  17  1:20  Drone  
  18  1:28  Drone  
  19  1:38  Overlord  
  19  1:49  Drone  
  20  1:59  Queen  
  20  2:00  Metabolic Boost  
  22  2:03  Queen  
  22  2:05  Zergling x2  
  25  2:08  Zergling x2  
  25  2:11  Drone  
  25  2:15  Drone  
  28  2:22  Drone  
  29  2:26  Drone  
  30  2:32  Drone  
  30  2:35  Queen  
  30  2:36  Overlord  
  33  2:45  Zergling x2  
  33  2:46  Zergling x2  
  35  2:54  Drone  
  35  2:58  Drone  
  37  3:04  Overlord  
  37  3:05  Hatchery  
  37  3:07  Drone x2  
  37  3:09  Drone  
  39  3:13  Drone x2  
  39  3:16  Drone  
  39  3:19  Overlord  
  42  3:22  Drone  
  42  3:26  Drone  
  44  3:27  Drone  
  45  3:35  Drone  
  45  3:39  Drone x2  
  45  3:40  Drone x2  
  50  3:46  Drone x3  
  52  3:49  Queen  
  52  3:54  Drone x2  
  53  4:00  Extractor  
  53  4:02  Drone x2, Extractor, Roach Warren  
  52  4:07  Queen  
  54  4:11  Zergling x2  
  54  4:12  Zergling x2  
  56  4:17  Queen  
  58  4:25  Overlord  
  58  4:26  Overlord x2  
  58  4:31  Zergling x2  
  58  4:32  Zergling x2  
  60  4:43  Roach x3  
  60  4:44  Roach x4  
  74  4:47  Roach  
  74  4:49  Roach x2  
  80  4:56  Roach x2  
  80  4:57  Roach  
  84  5:08  Zergling x2  
  84  5:09  Zergling x10  
  84  5:13  Evolution Chamber  
  89  5:14  Evolution Chamber  
  89  5:20  Overlord  
  88  5:24  Overlord  
  88  5:27  Overlord  
  88  5:28  Lair  
  88  5:34  Overlord  
  88  5:40  Drone  
  88  5:41  Drone  
  88  5:42  Overlord  
  90  5:43  Zerg Ground Armor Level 1, Zerg Missile Weapons Level 1  
  90  5:44  Ravager  
  90  5:46  Ravager  
  90  5:48  Drone x3  
  95  5:52  Drone x2  
  95  6:09  Drone x9  
  92  6:13  Drone  
  92  6:14  Drone  
  92  6:18  Extractor  
  92  6:20  Drone  
  92  6:21  Drone x2  
  92  6:30  Drone x3  
  92  6:31  Drone  
  92  6:32  Drone x5  
  96  6:35  Drone x2, Extractor  
  96  6:36  Glial Reconstitution  
  96  6:37  Extractor  
  96  6:38  Hydralisk Den  
  90  6:42  Roach  
  90  6:44  Overseer  
  88  6:49  Spore Crawler  
  88  6:50  Spore Crawler  
  88  6:52  Spore Crawler  
  83  6:54  Roach x6  
  83  6:59  Roach x3  
  99  7:02  Overlord  
  99  7:06  Roach  
  99  7:07  Roach x2  
  105  7:10  Muscular Augments  
  105  7:15  Hydralisk x2  
  105  7:19  Hydralisk x2  
  105  7:20  Hydralisk  
  115  7:26  Hydralisk  
  115  7:29  Overseer  
  116  7:41  Roach  
  116  7:42  Roach x2  
  116  7:43  Overlord  
  122  7:46  Overlord  
  122  7:50  Overlord x2  
  122  7:57  Overlord x2  
  122  8:04  Infestation Pit  
  113  8:07  Hydralisk  
  113  8:08  Hydralisk  
  113  8:10  Zergling x14  
  113  8:11  Zergling x6  
  113  8:32  Hatchery  
Show
View Real Time Build Order
Export as new Build Order

SpeCial Terran 

Build Orders: Command Center First (CC), Mech 

Get SALT Encoding   

  12  0:00  SCV  
  13  0:12  SCV  
  14  0:18  Supply Depot  
  14  0:20  Supply Depot  
  14  0:24  SCV  
  15  0:42  SCV  
  16  0:54  SCV  
  17  1:02  Command Center  
  17  1:06  SCV  
  18  1:16  Barracks  
  18  1:19  SCV  
  18  1:24  Refinery  
  19  1:31  SCV  
  20  1:33  Refinery  
  20  1:43  SCV  
  21  1:55  SCV  
  22  2:04  Reaper  
  22  2:07  Orbital Command  
  23  2:14  Orbital Command  
  23  2:21  Factory  
  23  2:33  SCV  
  24  2:39  SCV  
  24  2:40  Barracks Reactor  
  25  2:45  SCV  
  25  2:51  SCV, Supply Depot  
  27  2:57  SCV  
  28  3:03  SCV  
  29  3:07  Starport  
  29  3:09  SCV  
  30  3:15  SCV  
  31  3:20  Hellion  
  31  3:21  Hellion, SCV  
  31  3:23  Barracks Tech Lab  
  35  3:28  SCV  
  33  3:35  SCV  
  33  3:41  SCV  
  34  3:42  Hellion x2  
  33  3:48  Viking  
  36  3:51  SCV  
  36  3:55  SCV  
  40  4:04  SCV  
  40  4:07  SCV, Supply Depot  
  42  4:17  SCV, Command Center  
  42  4:19  SCV  
  44  4:27  Hellion  
  44  4:29  Hellion, Raven  
  50  4:32  Supply Depot  
  50  4:33  SCV  
  50  4:35  SCV  
  52  4:45  SCV  
  53  4:47  SCV  
  54  4:54  Hellion x2  
  54  4:55  Armory  
  54  4:56  Supply Depot  
  54  4:57  SCV  
  54  4:59  SCV  
  60  5:09  SCV  
  60  5:11  SCV  
  60  5:13  Refinery x2  
  62  5:19  Supply Depot  
  66  5:21  SCV  
  66  5:22  Cyclone x2  
  66  5:28  SCV, Banshee  
  73  5:34  SCV  
  74  5:40  SCV  
  75  5:46  SCV  
  75  5:48  Terran Vehicle Weapons Level 1  
  76  5:52  SCV  
  76  5:56  Factory  
  77  5:57  Hellion x2  
  77  5:58  SCV  
  77  5:59  Factory  
  70  6:04  SCV  
  70  6:10  SCV  
  61  6:16  SCV  
  45  6:19  Hellion x2  
  45  6:22  SCV  
  48  6:28  SCV  
  40  6:34  SCV  
  40  6:38  Orbital Command  
  36  6:40  Hellion, SCV  
  36  6:43  Hellion  
  36  6:46  SCV  
  40  6:47  Factory Tech Lab  
  40  6:52  SCV  
  41  6:58  SCV, Siege Tank  
  45  7:05  SCV  
  46  7:08  SCV  
  46  7:10  SCV, Liberator  
  46  7:13  Siege Tank  
  51  7:17  SCV  
  51  7:19  Hellion  
  51  7:20  Hellion  
  51  7:21  SCV  
  57  7:24  Hellion x2  
  60  7:32  SCV  
  60  7:33  SCV  
  62  7:38  SCV  
  62  7:42  Hellion  
  62  7:44  Hellion, SCV  
  64  7:46  Siege Tank  
  64  7:47  Siege Tank  
  64  7:49  SCV  
  64  7:51  SCV  
  73  7:56  SCV  
  74  8:01  SCV  
  74  8:03  SCV  
  76  8:08  SCV  
  76  8:11  Hellion x2  
  78  8:13  SCV  
  78  8:15  SCV  
  78  8:18  Siege Tank  
  86  8:21  SCV  
  86  8:25  SCV  
  76  8:35  SCV  
Tags
 
Add a new tag
Caveats
  • Supply blocks, unpowered buildings, or Contaminate may cause inaccurate times.
  • Supply counts are checked every 10 seconds.